 Dungeon Crawl Stone Soup version 0.32-a0-33-g74fbe46 (webtiles) character file.

Game seed: 4089002256866913336

898 Dorkslayer the Ruffian (level 8, -2/51 HPs)
             Began as an Octopode Shapeshifter on Jan 20, 2024.
             Was a Follower of Dithmenos.
             Slain by a vampire mosquito (3 damage)
             ... on level 5 of the Dungeon.
             The game lasted 00:11:15 (3420 turns).

Dorkslayer the Ruffian (Octopode Shapeshifter)      Turns: 3420, Time: 00:11:15

Health: -2/51      AC:  3    Str: 19    XL:     8   Next: 7%
Magic:  8/8        EV: 13    Int: 12    God:    Dithmenos [*.....]
Gold:   247        SH:  0    Dex: 10    Spells: 7/7 levels left

rFire   . . .        n - +5 whip of Midwinter {freeze, SInv}
rCold   . . .        (no shield)
rNeg    . . .        (helmet currently unavailable)
rPois   .            (no amulet)
rElec   .            (no ring)
rCorr   .            (no ring)
SInv    +            (no ring)
Will    .....        (no ring)
Stlth   ++++         (no ring)
HPRegen 0.28/turn    (no ring)
MPRegen 0.11/turn    (no ring)
                     (no ring)

%: no passive effects
@: beast-form, wreathed by umbra
A: beast (slay +2), almost no armour, amphibious, 8 rings, camouflage 1,
gelatinous body 1, (nimble swimmer 1), tentacles, iridescent scales 1, screaming
1, strong 1, inability to read after injury 1
a: Begin Untransformation, Renounce Religion


You were on level 5 of the Dungeon.
You worshipped Dithmenos.
Dithmenos was aware of your devotion.
You were a hulking beast.
You visited 1 branch of the dungeon, and saw 5 of its levels.

You collected 247 gold pieces.

Inventory:

Hand Weapons
 i - a +0 mace
 n - the +5 whip of Midwinter (weapon) {freeze, SInv}
   (You found it on level 5 of the Dungeon)

   SInv:      It lets you see invisible.
Missiles
 m - a boomerang (quivered)
Talismans
 b - a beast talisman
 c - a flux talisman
Wands
 g - a wand of roots (5)
Scrolls
 d - 2 scrolls of teleportation
Potions
 l - a potion of brilliance {unknown}


   Skills:
 + Level 2.3 Fighting
 + Level 2.8 Maces & Flails
 + Level 0.1 Throwing
 + Level 3.2 Dodging
 + Level 4.1 Stealth
 * Level 6.9 Unarmed Combat
 * Level 1.0 Evocations
 + Level 3.7 Shapeshifting


You had 7 spell levels left.
You didn't know any spells.
Your spell library contained the following spells:

 Spells                   Type           Power      Damage    Failure   Level
 Ensorcelled Hibernation  Hex/Ice        0%         N/A       45%         2
 Fugue of the Fallen      Necr           0%         N/A       69%         3
 Passwall                 Erth           0%         N/A       69%         3
 Swiftness                Air            0%         N/A       69%         3
 Anguish                  Hex/Necr       0%         N/A       97%         4


Dungeon Overview and Level Annotations

Branches:
Dungeon (5/15)
 Temple: D:4-7

Altars:
Dithmenos
Gozag
Sif Muna
Xom
Zin

Annotations:
D:5 1 transporter


Innate Abilities, Weirdness & Mutations

You are a hulking beast.
Your limbs bulge with bestial killing power. (Slay +2)
You cannot wear most types of armour.
You are amphibious.
You can wear up to eight rings at the same time.
Your skin changes colour to match your surroundings (Stealth+).
Your rubbery body absorbs attacks. (AC +1, EV +1)
((You are camouflaged when in or above water. (Stealth+)))
You have tentacles for arms and can constrict up to eight enemies at once.
You are partially covered in iridescent scales. (AC +2)
You occasionally shout uncontrollably at your foes.
Your muscles are strong. (Str +4, Int/Dex -1)
You occasionally lose the ability to read scrolls when taking damage.


Message History

The unseen horror hits you.
The vampire mosquito bites you but does no damage.
The adder hisses angrily.
You hit the unseen horror. You freeze the unseen horror.
You grab the unseen horror. You squeeze the unseen horror.
The unseen horror is moderately wounded.
You constrict the unseen horror, but do no damage.
The unseen horror hits you.
The unseen horror struggles to escape constriction.
The vampire mosquito bites you.
The vampire mosquito draws strength from your injuries!
The unseen horror escapes!
You barely miss the vampire mosquito. You grab the vampire mosquito.
You squeeze the vampire mosquito.
The vampire mosquito is moderately damaged.
You constrict the vampire mosquito, but do no damage.
The unseen horror hits you. The vampire mosquito barely misses you.
The vampire mosquito closely misses you.
You hit the vampire mosquito. You freeze the vampire mosquito.
The vampire mosquito is heavily damaged.
You constrict the vampire mosquito. The unseen horror hits you.
The vampire mosquito bites you.
The vampire mosquito draws strength from your injuries!
The vampire mosquito bites you.
The vampire mosquito draws strength from your injuries!
The adder completely misses you.
You hit the adder.
The adder seems to slow down.
You freeze the adder. Your grab misses the adder.
Your squeeze misses the adder.
The adder is almost dead.
You constrict the vampire mosquito. The unseen horror hits you!
* * * LOW HITPOINT WARNING * * *
The vampire mosquito bites you!
* * * LOW HITPOINT WARNING * * *
The vampire mosquito draws strength from your injuries!
The vampire mosquito closely misses you.
You whack the adder!
The adder seems to slow down.
You freeze the adder.
You kill the adder!
Dithmenos accepts your kill.
You constrict the vampire mosquito. The vampire mosquito bites you.
You die...

#...####....# #....#.####.
#...####....##########.##.....##.
#.!.#####.###...........###.#....
#########.##..#########..##.####.
####)##.##.......##.##.# #.
####.##.#8.......8#.##.# #.
####)##.#.......$$#.##.#####
####.#..#.......$.#..#......
####...©#..hx...$_#©......#.
######..#.y.....[.#....##.#.
#######.#...(...?$#..#<.#.##
#######.#8.......8#..#..#.##
#######.##...©...##..#..#...
#######..#########...#######
########...........#........
############################


You could see an unseen horror (invisible) and a vampire mosquito.

Vanquished Creatures
  Duvessa (D:5)
  A black bear (D:5)
  An ogre (D:4)
  A scorpion (D:4)
  Dowan (D:5)
  A howler monkey (D:5)
  A bombardier beetle (D:5)
  A jelly (D:4)
  3 hounds
  3 iguanas
  An orc wizard (D:4)
  3 gnolls (D:2)
  5 adders
  A white imp (D:5)
  2 ufetubi (D:5)
  A ribbon worm (D:2)
  4 dart slugs
  9 orcs
  5 ball pythons
  7 bats
  7 endoplasms
  4 giant cockroaches
  14 goblins
  8 hobgoblins
  10 jackals
  A kobold (D:4)
  3 quokkas
  3 frilled lizards
  2 rats
104 creatures vanquished.

Vanquished Creatures (others)
  An orc wizard (D:4)
1 creature vanquished.

Grand Total: 105 creatures vanquished

Notes
Turn   | Place    | Note
-------+----------+-------------------------------------------
     0 | D:1      | Dorkslayer the Octopode Shapeshifter began the quest for
                  | the Orb.
     0 | D:1      | Reached XP level 1. HP: 13/13 MP: 1/1
    53 | D:1      | Reached XP level 2. HP: 17/18 MP: 2/2
   228 | D:1      | Reached XP level 3. HP: 22/23 MP: 3/3
   500 | D:2      | Reached skill level 4 in Unarmed Combat
   603 | D:2      | Reached skill level 1 in Stealth
   603 | D:2      | Reached XP level 4. HP: 16/28 MP: 4/4
   776 | D:2      | You fall into a shaft and drop 1 floor!
  1373 | D:3      | Gained mutation: You are frail. (-10% HP) [potion of
                  | mutation]
  1373 | D:3      | Gained mutation: You occasionally lose the ability to read
                  | scrolls when taking damage. [potion of mutation]
  1373 | D:3      | Gained mutation: You are partially covered in iridescent
                  | scales. (AC +2) [potion of mutation]
  1374 | D:3      | Lost mutation: You are frail. (-10% HP) [potion of
                  | mutation]
  1374 | D:3      | Lost mutation: You occasionally lose the ability to read
                  | scrolls when taking damage. [potion of mutation]
  1374 | D:3      | Lost mutation: You are partially covered in iridescent
                  | scales. (AC +2) [potion of mutation]
  1374 | D:3      | Gained mutation: Your muscles are strong. (Str +4, Int/Dex
                  | -1) [potion of mutation]
  1374 | D:3      | Gained mutation: You occasionally shout uncontrollably at
                  | your foes. [potion of mutation]
  1374 | D:3      | Gained mutation: You occasionally lose the ability to read
                  | scrolls when taking damage. [potion of mutation]
  1374 | D:3      | Gained mutation: You are partially covered in iridescent
                  | scales. (AC +2) [potion of mutation]
  1405 | D:3      | Found a shadowy altar of Dithmenos.
  1411 | D:3      | Became a worshipper of Dithmenos the Shadowed
  1944 | D:4      | Reached XP level 5. HP: 31/33 MP: 5/5
  1960 | D:4      | Reached skill level 5 in Unarmed Combat
  2003 | D:4      | Reached XP level 6. HP: 16/38 MP: 6/6
  2349 | D:4      | Reached skill level 6 in Unarmed Combat
  2451 | D:4      | Reached * piety under Dithmenos
  2474 | D:4      | Found a shimmering blue altar of Sif Muna.
  2594 | D:5      | Entered Level 5 of the Dungeon
  2627 | D:5      | Reached XP level 7. HP: 37/44 MP: 7/7
  2718 | D:5      | Reached skill level 1 in Maces & Flails
  2720 | D:5      | Found a glowing silver altar of Zin.
  2722 | D:5      | Noticed an angel
  2725 | D:5      | Found a shimmering altar of Xom.
  2943 | D:5      | Found an opulent altar of Gozag.
  2945 | D:5      | Noticed a vampire mosquito
  2946 | D:5      | Identified the +5 whip of Midwinter {freeze, SInv}
  2948 | D:5      | Noticed an unseen horror
  2949 | D:5      | Found a transporter.
  2970 | D:5      | Found a transporter.
  2997 | D:5      | Noticed Dowan
  3014 | D:5      | Noticed Duvessa
  3033 | D:5      | Killed Duvessa
  3034 | D:5      | Reached XP level 8. HP: 22/50 MP: 8/8
  3041 | D:5      | Killed Dowan
  3042 | D:5      | Reached skill level 1 in Evocations
  3419 | D:5      | HP: 1/51 [vampire mosquito (12)]
  3420 | D:5      | Slain by a vampire mosquito

Illustrated notes

Levels and vault maps discovered:
D:1:      doesnt_arrival_eight_statues, layout_rooms, minmay_octomino_j4
D:2:      layout_loops_cross
D:3:      layout_basic, mainiacjoe_overflow_tiny_flanked
D:4:      minmay_door_path, layout_basic, hellmonk_sif_muna_bookshelves
D:5:      layout_basic, grunt_temple_overflow_order_and_chaos_1,
          gammafunk_temple_overflow_arena, uniq_duvessa

Skill      XL: |  1  2  3  4  5  6  7  8 |
---------------+-------------------------+-----
Unarmed Combat | 4 5 6 |  6.9
Stealth        | 1 3 4 |  4.1
Maces & Flails | 2 |  2.8
Fighting       | 2 |  2.3
Dodging        | 3 |  3.2
Evocations     | 1 |  1.0
Throwing       | |  0.1
Shapeshifting  | |  3.7

Action                     |  1- 3 |  4- 6 |  7- 9 || total
---------------------------+-------+-------+-------++-------
  Melee: Unarmed           |    66 |    91 |       ||   157
         Constrict         |    19 |    22 |    15 ||    56
         Tentacles         |    10 |    15 |    16 ||    41
         Punch             |     3 |     3 |     3 ||     9
         Mace              |       |    13 |    23 ||    36
         Whip              |       |       |    24 ||    24
  Throw: Boomerang         |       |       |     2 ||     2
  Evoke: Wand              |       |       |     3 ||     3
    Use: Potion            |     1 |     6 |     1 ||     8
         Scroll            |       |     8 |     6 ||    14
   Stab: Sleeping          |       |     8 |     1 ||     9
         Distracted        |       |       |     1 ||     1
 Armour: Skin              |    24 |    63 |    30 ||   117
  Dodge: Dodged            |    44 |    46 |    42 ||   132

Table legend: (Time is in decaauts)
 A = Elapsed time spent in this place.
 B = Non-inter-level travel time spent in this place.
 C = Inter-level travel time spent in this place.
 D = Time resting spent in this place.
 E = Time spent auto-exploring this place.
 F = Levels seen in this place.
 G = Mean time per level.
                   A        B        C        D        E       F      G
               +--------+--------+--------+--------+--------+-----+--------+
         Total |   3378 |   3378 |      0 |    179 |   1729 |   5 |  675.6 |
       Dungeon |   3378 |   3378 |      0 |    179 |   1729 |   5 |  675.6 |
               +--------+--------+--------+--------+--------+-----+--------+

Top non-repeatable levels by time:
     D:5: 814 daAuts
     D:2: 801 daAuts
     D:4: 712 daAuts
     D:3: 585 daAuts
     D:1: 465 daAuts
